 Dungeon Crawl Stone Soup version 0.23-a0-667-gc184e93 (console) character file.

5888 Voker57 the Carver (level 10, -5/79 HPs)
             Began as a Demonspawn Gladiator on Jan 8, 2019.
             Was a Priest of Yredelemnul.
             Slain by a tyrant leech (21 damage)
             ... on level 1 of the Lair of Beasts.
             The game lasted 00:19:18 (9880 turns).

Voker57 the Carver (Demonspawn Gladiator)           Turns: 9880, Time: 00:19:19

Health: -5/79      AC:  8    Str: 14    XL:     10   Next: 52%
Magic:  14/14      EV: 17    Int: 10    God:    Yredelemnul [***...]
Gold:   436        SH: 10    Dex: 18    Spells: 9/9 levels left

rFire    + . .     SeeInvis .   a - +2 long sword
rCold    . . .     Gourm    .   h - +0 shield
rNeg     . . .     Faith    .   g - +0 leather armour
rPois    +         Spirit   .   c - +0 helmet
rElec    .         Reflect  .   (no cloak)
rCorr    .         Harm     .   (no gloves)
MR       .....                  t - +0 pair of boots
Stlth    +.........             (no amulet)
HPRegen  0.23/turn              u - +3 ring of protection
MPRegen  0.14/turn              y - ring of poison resistance

@: injury mirror
A: talons 1, repulsion field 2, fire resistance 1, powered by death 1
a: Recall Undead Slaves, Injury Mirror, Animate Dead, Renounce Religion


You were on level 1 of the Lair of Beasts.
You worshipped Yredelemnul.
Yredelemnul was most pleased with you.
You were not hungry.

You visited 2 branches of the dungeon, and saw 10 of its levels.
You also visited: Ossuary.

You collected 436 gold pieces.

Inventory:

Hand Weapons
 a - a +2 long sword (weapon)
 b - a +2 dagger of venom
Armour
 c - a +0 helmet (worn)
 g - a +0 leather armour (worn)
 h - a +0 shield (worn)
 t - a +0 pair of boots (worn)
 D - a +2 robe of magic resistance
Jewellery
 u - a +3 ring of protection (left hand)
 x - a +3 ring of intelligence
 y - a ring of poison resistance (right hand)
 A - a +3 ring of dexterity
Wands
 k - a wand of flame (21)
 w - a wand of disintegration (10)
 z - a wand of digging (3)
 B - a wand of iceblast (11)
 C - a wand of acid (7)
 E - a wand of polymorph (9)
Scrolls
 d - a scroll of magic mapping
 i - 2 scrolls of blinking
 m - a scroll of fear
 o - a scroll of identify
 p - 5 scrolls of teleportation
 r - 2 scrolls of amnesia
 s - 3 scrolls of remove curse
Potions
 e - 4 potions of curing
 j - 5 potions of heal wounds
 l - 2 potions of might
 n - 2 potions of degeneration
 q - a potion of lignification
 v - a potion of mutation {unknown}
 H - a potion of berserk rage {unknown}
Comestibles
 f - 12 rations


   Skills:
 + Level 7.1 Fighting
 * Level 9.3 Long Blades
 - Level 1.7 Throwing
 + Level 2.2 Armour
 + Level 6.7 Dodging
 - Level 5.2 Shields
 + Level 6.5 Invocations


You had 9 spell levels left.
You didn't know any spells.
Your spell library contained the following spells:

 Spells                   Type           Power        Failure   Level  Hunger
 Corona                   Hex            #......      86%         1    ##.....
 Freeze                   Ice            #...         86%         1    ##.....
 Slow                     Hex            #.......     94%         2    ###....
 Throw Frost              Conj/Ice       #.....       94%         2    ###....
 Inner Flame              Hex/Fire       #.......     99%         3    ####...
 Ozocubu's Armour         Chrm/Ice       #.......     99%         3    ####...
 Portal Projectile        Hex/Tloc       #.....       99%         3    ####...
 Cause Fear               Hex            #.........   100%        4    #####..
 Leda's Liquefaction      Hex/Erth       #.........   100%        4    #####..
 Summon Ice Beast         Ice/Summ       #.......     100%        4    #####..
 Throw Icicle             Conj/Ice       #.......     100%        4    #####..


Dungeon Overview and Level Annotations

Branches:
Dungeon (9/15)             Temple (0/1) D:4            Lair (1/6) D:9
    Orc: D:9-12

Altars:
Dithmenos
Okawaru
Qazlal
Ru
Trog
Yredelemnul
Zin


Innate Abilities, Weirdness & Mutations

You have sharp toenails.
You are surrounded by a moderate repulsion field. (EV +3)
Your flesh is heat resistant. (rF+)
You regenerate a little health from kills.


Message History

The tyrant leech misses you.
You riposte.
You closely miss the tyrant leech.
The tyrant leech is moderately wounded.
You closely miss the tyrant leech.
The tyrant leech is moderately wounded.
You block the spiny frog's attack. The spiny frog barely misses you.
You slash the tyrant leech!
The tyrant leech is heavily wounded.
You block the tyrant leech's attack. You block the spiny frog's attack.
You slash the tyrant leech!
The tyrant leech is severely wounded.
You block the spiny frog's attack. The tyrant leech bites you!!
* * * LOW HITPOINT WARNING * * *
The tyrant leech draws strength from your injuries!
Yredelemnul mirrors your injury!
The tyrant leech is severely wounded.
You hit the tyrant leech.
The tyrant leech is almost dead.
You block the spiny frog's attack. The tyrant leech bites you!!
You die...
Your body rises from the dead as a mindless zombie.

###.#####.....)..
#.#.###..........
#<###..................
#.##
##................. .#
##.............>.. .
#.........!......
##...............
######...............
#...##......F........
##...........@w......
#....................
###..................
#......###..#####..
##....## #### # #....#
##..## ####


You could see a tyrant leech and a spiny frog.

Vanquished Creatures
  A two-headed ogre (D:8)
  A cyclops (D:6)
  Maurice (D:9)
  A troll (D:9)
  A yak (D:9)
  A basilisk (D:9)
  A water moccasin (D:8)
  A porcupine (D:8)
  An ice beast (D:6)
  3 phantoms
  2 orc warriors
  5 ogres
  A crocodile (Lair:1)
  5 bullfrogs
  2 scorpions
  5 killer bees
  4 crimson imps
  A centaur zombie (Ossuary)
  4 bullfrog zombies
  2 centaur skeletons
  6 hounds
  2 jellies
  An orc priest (D:7)
  3 bullfrog skeletons
  4 orc wizards
  6 worker ants
  3 hound zombies (Ossuary)
  9 mummies (Ossuary)
  2 howler monkey zombies (Ossuary)
  6 worker ant zombies
  4 gnolls
  14 adders
  A howler monkey skeleton (D:5)
  An ooze (D:2)
  3 adder zombies (Ossuary)
  2 dart slugs
  3 leopard geckos
  24 orcs
  A ball python (D:2)
  9 bats
  A giant cockroach (D:3)
  9 goblins
  8 hobgoblins
  14 jackals
  8 kobolds
  5 quokkas
  2 frilled lizards (D:3)
  A giant cockroach zombie (Ossuary)
  9 rats
  A withered plant (Ossuary)
205 creatures vanquished.

Vanquished Creatures (collateral kills)
  3 yaks (D:9)
  A black bear (D:9)
  An orc warrior (D:9)
  2 ogres (D:9)
  A necrophage (D:5)
  5 killer bees
  A crimson imp (D:5)
  A hound (D:9)
  An orc priest (D:9)
  A bullfrog skeleton (D:5)
  A gnoll shaman (D:5)
  An iguana (D:9)
  2 worker ants
  A hound zombie (D:9)
  A hound skeleton (D:5)
  3 gnolls
  A leopard gecko (D:9)
  3 orcs (D:9)
  2 goblins (D:7)
  A hobgoblin (D:8)
  A jackal (D:7)
  4 fungi (D:9)
38 creatures vanquished.

Vanquished Creatures (others)
  A wight (D:9)
  A bullfrog zombie (D:6)
  A basilisk zombie (D:9)
  A bullfrog skeleton (D:9)
  3 killer bee zombies
  An ogre zombie (D:5)
  2 hound zombies
  A hound skeleton (D:9)
  A scorpion zombie (D:8)
  A gnoll zombie (D:5)
  8 orc zombies
  A jackal zombie (D:7)
  A leopard gecko zombie (D:7)
  5 fungi (D:9)
  A plant (D:9)
  2 withered plants (Ossuary)
31 creatures vanquished.

Grand Total: 274 creatures vanquished

Notes
Turn   | Place    | Note
-------+----------+-------------------------------------------
     0 | D:1      | Voker57 the Demonspawn Gladiator began the quest for the
                  | Orb.
     0 | D:1      | Reached XP level 1. HP: 16/16 MP: 1/1
    48 | D:1      | Reached skill level 3 in Long Blades
    62 | D:1      | Gained mutation: You are surrounded by a mild repulsion
                  | field. (EV +2) [demonic ancestry]
    62 | D:1      | Reached XP level 2. HP: 15/22 MP: 2/2
   997 | D:2      | Gained mutation: You regenerate a little health from kills.
                  | [demonic ancestry]
   997 | D:2      | Reached XP level 3. HP: 28/28 MP: 3/3
  1646 | D:2      | Reached XP level 4. HP: 34/34 MP: 4/4
  2000 | D:3      | Found a basalt altar of Yredelemnul.
  2104 | D:3      | Became a worshipper of Yredelemnul the Dark
  2234 | D:3      | Reached skill level 1 in Shields
  2288 | D:3      | Reached skill level 4 in Long Blades
  2311 | D:3      | Found a shadowy altar of Dithmenos.
  2345 | D:3      | Gained mutation: Your flesh is heat resistant. (rF+)
                  | [demonic ancestry]
  2345 | D:3      | Reached XP level 5. HP: 36/40 MP: 5/5
  2502 | D:3      | Reached * piety under Yredelemnul
  3254 | D:4      | Reached XP level 6. HP: 28/47 MP: 6/6
  3400 | D:4      | Found a staircase to the Ecumenical Temple.
  3681 | D:5      | Entered Level 5 of the Dungeon
  3736 | D:5      | Reached skill level 5 in Long Blades
  3737 | D:5      | Found a sand-covered staircase.
  3742 | Ossuary  | Entered an ossuary
  3765 | Ossuary  | Reached XP level 7. HP: 24/53 MP: 7/7
  3905 | Ossuary  | Reached ** piety under Yredelemnul
  4459 | D:5      | Reached skill level 6 in Long Blades
  4541 | D:5      | Reached XP level 8. HP: 59/61 MP: 8/8
  4795 | D:5      | Reached skill level 1 in Invocations
  5073 | D:5      | Found a shadowy altar of Dithmenos.
  5298 | D:6      | Noticed a cyclops
  5323 | D:6      | Killed a cyclops
  5323 | D:6      | Reached skill level 5 in Fighting
  5323 | D:6      | Reached skill level 5 in Dodging
  6004 | D:6      | Reached skill level 7 in Long Blades
  6137 | D:6      | Reached *** piety under Yredelemnul
  6351 | D:6      | Gained mutation: You are surrounded by a moderate repulsion
                  | field. (EV +3) [demonic ancestry]
  6351 | D:6      | Reached XP level 9. HP: 61/68 MP: 9/11
  6893 | D:7      | Found a stormy altar of Qazlal.
  6979 | D:7      | Found an iron altar of Okawaru.
  7056 | D:8      | Found a bloodstained altar of Trog.
  7116 | D:8      | Found a sacrificial altar of Ru.
  7293 | D:8      | Noticed a two-headed ogre
  7876 | D:8      | Reached **** piety under Yredelemnul
  7907 | D:8      | Found a glowing silver altar of Zin.
  7998 | D:8      | Killed a two-headed ogre
  7998 | D:8      | Reached skill level 8 in Long Blades
  7998 | D:8      | Reached skill level 5 in Shields
  7998 | D:8      | Reached skill level 5 in Invocations
  8273 | D:8      | Gained mutation: You have sharp toenails. [demonic
                  | ancestry]
  8273 | D:8      | Reached XP level 10. HP: 38/77 MP: 14/14
  8302 | D:9      | Received a gift from Yredelemnul (a wight)
  8770 | D:9      | Reached skill level 1 in Armour
  8814 | D:9      | Found a staircase to the Lair.
  8883 | D:9      | Received a gift from Yredelemnul (a mummy)
  8972 | D:9      | Reached skill level 9 in Long Blades
  9582 | D:9      | Noticed Maurice
  9591 | D:9      | Paralysed by something for 7 turns
  9610 | D:9      | Killed Maurice
  9731 | Lair:1   | Entered Level 1 of the Lair of Beasts
  9852 | Lair:1   | Noticed a six-headed hydra
  9854 | Lair:1   | a six-headed hydra changed into a tyrant leech
  9871 | Lair:1   | Noticed a spiny frog
  9880 | Lair:1   | Slain by a tyrant leech

Vault maps used:
D:1:      minmay_arrival_four_circles, due_unseen_surprise
D:2:      grunt_decor_arrowhead
D:3:      lemuel_coloured_pillars_altar, first_ration,
          grunt_dithmenos_smoke_and_mirrors
D:4:      minmay_temple_entry_steel_oval
D:5:      kennysheep_mini_moat, enter_ossuary_5, grunt_tough_drop
D:7:      nicolae_qazlal_style_of_elements, kennysheep_okawaru_gauntlet,
          minmay_fractal_squares_5
D:8:      nicolae_ru_great_annihilating_truth, marbit_many_paths,
          lemuel_doored_altar
D:9:      grunt_lair_entry_orc_guard_hut, enter_bailey_6, uniq_maurice
Lair:1:   lemuel_centaur_altar
Ossuary:  ossuary_zaba_flooded

Skill      XL: |  1  2  3  4  5  6  7  8  9 10 |
---------------+-------------------------------+-----
Long Blades    | 3 4 5 6 7 8 9 |  9.3
Dodging        | 3 4 5 6 |  6.7
Shields        | 1 2 3 4 5 |  5.2
Fighting       | 3 4 5 6 7 |  7.1
Invocations    | 3 5 6 |  6.5
Armour         | 2 |  2.2
Throwing       | |  1.7

Action                   |  1- 3 |  4- 6 |  7- 9 | 10-12 || total
-------------------------+-------+-------+-------+-------++-------
Melee: Long sword        |    89 |   157 |   451 |    90 ||   787
       Dagger            |       |    19 |    77 |    91 ||   187
Throw: Throwing net      |     2 |     3 |     3 |       ||     8
Invok: Animate Remains   |       |     2 |     5 |       ||     7
       Animate Dead      |       |       |    12 |     7 ||    19
       Recall Undead Sla |       |       |     2 |       ||     2
       Injury Mirror     |       |       |     1 |     2 ||     3
Evoke: Wand              |       |       |     4 |     1 ||     5
  Use: Potion            |     1 |     2 |     4 |       ||     7
       Scroll            |     2 |     9 |    10 |       ||    21
 Stab: Held in net/web   |     1 |     2 |     2 |       ||     5
       Sleeping          |     1 |     2 |     1 |     1 ||     5
       Distracted        |       |       |     1 |     1 ||     2
  Eat: Chunk             |     2 |     7 |    10 |     6 ||    25
       Ration            |       |       |     3 |     1 ||     4
Armor: Leather armour    |    36 |    32 |    82 |    33 ||   183
Dodge: Dodged            |    67 |    86 |   306 |   114 ||   573
Block: Shield            |    14 |    75 |   247 |   105 ||   441
       Rpst.: Long sword |    20 |    32 |    85 |    22 ||   159

Table legend:
 A = Non-vault XP
 B = Vault XP
 C = Vault XP percentage of total XP
 D = Non-vault monster count
 E = Vault monster count
 F = Vault count percentage of total count
                 A         B        C        D         E       F
            +---------+---------+-------+---------+---------+-------
      Total |    6706 |    1706 |  20.3 |     195 |      43 |  18.1
            +---------+---------+-------+---------+---------+-------
        D:1 |      36 |       0 |   0.0 |      19 |       0 |   0.0
        D:2 |      67 |       0 |   0.0 |      17 |       0 |   0.0
        D:3 |     155 |       0 |   0.0 |      38 |       0 |   0.0
        D:4 |     272 |       0 |   0.0 |      11 |       0 |   0.0
        D:5 |     632 |       0 |   0.0 |      20 |       0 |   0.0
        D:6 |    1261 |       0 |   0.0 |      24 |       0 |   0.0
        D:7 |     240 |      37 |  13.4 |      12 |       5 |  29.4
        D:8 |    2053 |     224 |   9.8 |      22 |       6 |  21.4
        D:9 |    1787 |     829 |  31.7 |      30 |       5 |  14.3
     Lair:1 |     203 |       0 |   0.0 |       2 |       0 |   0.0
    Ossuary |       0 |     616 | 100.0 |       0 |      27 | 100.0
            +---------+---------+-------+---------+---------+-------
